 Dungeon Crawl Stone Soup version 0.16.0-17-g811c1d7 (webtiles) character file.

28 valak23 the Caller (level 3, -9/19 HPs)
             Began as a Tengu Summoner on Mar 21, 2015.
             Mangled by a gnoll
             ... wielding a +0 spear
              (10 damage)
             ... on level 2 of the Dungeon.
             The game lasted 00:06:15 (1333 turns).

valak23 the Caller (Tengu Summoner)                 Turns: 1333, Time: 00:06:15

Health: -9/19      AC:  2    Str:  8    XL:     3   Next: 14%
Magic:  1/7        EV: 13    Int: 16    God:
Gold:   54         SH:  0    Dex: 14    Spells: 2 memorised, 3 levels left

rFire  . . .     SeeInvis .     j - +0 dagger (venom)
rCold  . . .     Clarity  .     a - +0 robe
rNeg   . . .     SustAb   .     (no shield)
rPois  .         Gourm    .     (helmet restricted)
rElec  .         Spirit   .     (no cloak)
rCorr  .         Warding  .     (no gloves)
rMut   .         Stasis   .     (boots unavailable)
MR     .....                    (no amulet)
Stlth  ++........               (no ring)
                                (no ring)

@: not resistant to hostile enchantments, unstealthy
A: beak, talons 3
a: no special abilities


You were on level 2 of the Dungeon.
You were not hungry.

You visited 1 branch of the dungeon, and saw 2 of its levels.

You collected 54 gold pieces.

Inventory:

Hand weapons
 h - a +0 club
 j - a +0 dagger of venom (weapon)
Armour
 a - a +0 robe (worn)
 i - a +0 ring mail
Scrolls
 c - a scroll of remove curse {unknown}
 e - a scroll of random uselessness {unknown}
 f - a scroll of identify {unknown}
 g - a scroll of recharging {unknown}
 k - a scroll of enchant weapon {unknown}
Potions
 d - a potion of cancellation
Books
 b - a book of Callings

   Spells                             Type                      Level
   a - Summon Small Mammal            Summoning                    1
   b - Call Imp                       Summoning                    2
   c - Call Canine Familiar           Summoning                    3
   d - Summon Guardian Golem          Hexes/Summoning              4
   e - Summon Lightning Spire         Summoning/Air                4
   f - Summon Ice Beast               Ice/Summoning                4


   Skills:
 + Level 2.4 Dodging
 - Level 2.0 Stealth
 + Level 2.4 Spellcasting
 * Level 5.5 Summonings


You had 3 spell levels left.
You knew the following spells:

 Your Spells              Type           Power        Failure   Level  Hunger
a - Summon Small Mammal   Summ           ###.         1%          1    #......
b - Call Imp              Summ           ###.....     3%          2    ###....


Dungeon Overview and Level Annotations

Branches:
Dungeon (2/15)

Altars:
Nemelex Xobeh


Innate Abilities, Weirdness & Mutations

You have a beak for a mouth.
You have claws for feet.


Message History

It was a potion of cancellation.
You feel magically purged. The jackal closely misses you.
You hit the jackal but do no damage. Your kick misses the jackal.
The jackal closely misses you.
You hit the jackal.
You kill the jackal!
Sorry, you're not good enough to have a special ability.
The gnoll hits you but does no damage.
Unknown command.
You hit the gnoll.
The gnoll is poisoned.
The gnoll is almost dead.
The gnoll closely misses you.
The gnoll hits you from afar with a spear.
* * * LOW HITPOINT WARNING * * *
You closely miss the gnoll.
The gnoll is almost dead.
Your iron imp closely misses the gnoll.
The gnoll hits you from afar with a spear!
Ouch! That really hurt!
You die...

....# ....# ....###
......#####################
......#...................#
.......#...#...#...#...#..#
...............g........._#
......##...#...#...#...#..#
......#.....5†5g@.........#
..)....####################
#####.....g... #.).......
+......... #........
#...g.... #........
........


You could see 2 gnolls, a friendly iron imp and a friendly white imp.

Vanquished Creatures
  A jackal (D:2)
  A bat (D:1)
  A giant newt (D:1)
  A goblin (D:1)
  3 rats (D:1)
7 creatures vanquished.

Vanquished Creatures (collateral kills)
  An adder (D:2)
  A gnoll (D:2)
  3 giant geckos (D:1)
  4 bats
  4 goblins
  3 hobgoblins (D:1)
  A jackal (D:2)
  A kobold (D:1)
18 creatures vanquished.

Vanquished Creatures (others)
  A shadow imp (D:2)
  A quokka (D:1)
  A bat (D:1)
  A rat (D:1)
4 creatures vanquished.

Grand Total: 29 creatures vanquished

Notes
Turn   | Place    | Note
--------------------------------------------------------------
     0 | D:1      | valak23, the Tengu Summoner, began the quest for the Orb.
     0 | D:1      | Reached XP level 1. HP: 10/10 MP: 3/3
   389 | D:1      | Reached skill level 5 in Summonings
   487 | D:1      | Reached XP level 2. HP: 9/15 MP: 1/5
   491 | D:1      | Learned a level 2 spell: Call Imp
  1261 | D:2      | Found a sparkling altar of Nemelex Xobeh.
  1319 | D:2      | Reached XP level 3. HP: 8/19 MP: 2/7
  1333 | D:2      | Mangled by a gnoll

Action                   || total
-------------------------++-------
Melee: Club              ||    12
       Unarmed           ||     1
       Dagger            ||    20
 Cast: Summon Small Mamm ||    14
       Call Imp          ||    13
  Use: Potion            ||     3
 Stab: Sleeping          ||     2
  Eat: Bread ration      ||     1
